AoeStats
← Ambicia

Four Lakes

508268808Analyzed
1v1 RM · 12d ago on Sep 21, 2026· 63m 16s· 2 players
Game mode
Random Map
Map size
Tiny (2 player)
Population
200
Speed
Normal
Resources
Standard
Victory
Conquest
Starting age
Dark Age
Ending age
Imperial Age
RankedLock teamsTeams togetherTeam positionsShared explorationLock speedFull tech treeHidden civsTurbo modeCheats
Victory
Defeat
🇺🇦 Khmer · Ukraine
844
+17
🇫🇷 Saracens · France
860
-17
Ambicia
11:55 Feudal Age
13:15 Wheelbarrow
12:30 Double-Bit Axe
12:27 Horse Collar
18:50 Castle Age
17:16 Gold Mining
17:17 Stone Mining
21:11 Bow Saw
21:11 Heavy Plow
22:39 Stone Shaft Mining
22:36 Hand Cart
22:07 Loom
23:42 Gold Shaft Mining
27:53 Scale Barding Armor
28:02 Forging
34:14 Imperial Age
33:11 Ballistics
32:47 Murder Holes
34:35 Tusk Swords
35:05 Double Crossbow
35:26 Conscription
35:55 Crop Rotation
35:39 Husbandry
36:59 Elite Ballista Elephant
37:59 Devotion
39:48 Chain Barding Armor
42:05 Chemistry
51:12 Elite Battle Elephant
52:31 Iron Casting
58:26 Plate Barding Armor
TefNil
11:01 Feudal Age
11:52 Double-Bit Axe
18:09 Castle Age
16:33 Horse Collar
18:16 Wheelbarrow
18:03 Stone Mining
19:39 Gold Mining
20:31 Bow Saw
22:22 Gold Shaft Mining
23:36 Heavy Plow
24:40 Hand Cart
35:13 Imperial Age
33:09 Scale Barding Armor
33:05 Padded Archer Armor
32:55 Fletching
34:20 Chain Barding Armor
33:39 Elite Skirmisher
35:08 Leather Archer Armor
35:22 Elite Mameluke
37:21 Ballistics
38:01 Chemistry
37:36 Ring Archer Armor
37:02 Bodkin Arrow
37:43 Plate Barding Armor
39:18 Bracer
45:04 Heavy Camel Rider
59:06 Pikeman
60:35 Squires
Connection lost

Rejoining the realm…

Still unreachable

The connection could not be restored.

Session expired

The server has moved on; the page needs a fresh start.